TEX
ARKANSAS TRAVELERS @ TULSA DRILLERS
06/22/2099
 
TOP OF THE 1ST
Arkansas Travelers batting - Pitching for Tulsa Drillers : RHP Bobby Judd
Pitching: RHP Bobby Judd
Batting: LHB Matt Johansen 0-0: Swinging Strike
0-1: Ball
1-1: Ball
2-1: SOLO HOME RUN (Flyball, 89XD, EV 100.6 MPH), Distance : 373 ft
Batting: RHB Jason Southerland 0-0: Ball
1-0: Ball
2-0: Called Strike
2-1: Foul Ball, location: 2F
2-2: Ball
3-2: Strikes out swinging
Batting: LHB Bobby Errington 0-0: Ball
1-0: Fly out, F9 (Flyball, 89M, EV 90.0 MPH)
Batting: RHB John Phillips 0-0: Ball
1-0: Called Strike
1-1: SINGLE (Line Drive, 56D, EV 93.8 MPH)
Batting: RHB Jonathan Baynham 0-0: SINGLE (Groundball, 23, EV 65.0 MPH) (infield hit)
John Phillips to second
Batting: RHB Vince McKnight 0-0: Called Strike
0-1: Foul Ball, location: 2F
0-2: SINGLE (Line Drive, 8RS, EV 90.6 MPH)
John Phillips to third
Jonathan Baynham to second
Runner from 3rd tries for Home, SAFE, throw by CF to home
Batting: RHB Nicolas Montecino 0-0: Foul Ball, location: 2F
0-1: Called Strike
0-2: Strikes out swinging
Top of the 1st over - 2 runs, 4 hits, 0 errors, 2 left on base; Arkansas 2 - Tulsa 0
BOTTOM OF THE 1ST
Tulsa Drillers batting - Pitching for Arkansas Travelers : RHP Nate Steele
Pitching: RHP Nate Steele
Batting: LHB Tim Moore 0-0: Ball
1-0: Ball
2-0: Ball
3-0: Base on Balls
Batting: LHB Russ Henson 0-0: Called Strike
0-1: Swinging Strike
0-2: Ball
1-2: Ball
2-2: Foul Ball, location: 2F
2-2: Strikes out swinging
Batting: RHB Matt Pettit 0-0: Ball
1-0: Ball
Tim Moore steals 2nd base
2-0: SINGLE (Groundball, 6MD, EV 96.3 MPH)
Tim Moore to third
Runner from 3rd tries for Home, SAFE, throw by CF to home
Matt Pettit to second
Batting: LHB Greg Schlitt 0-0: Ball
1-0: Foul Ball, location: 2F
1-1: Foul Ball, location: 5FF
1-2: Ground out 6-3 (Groundball, 6, EV 107.5 MPH)
Matt Pettit to third
Batting: LHB Mike Saunders 0-0: Ball
1-0: Foul Ball, location: 2F
1-1: Ball
2-1: Called Strike
2-2: Strikes out swinging
Bottom of the 1st over - 1 run, 1 hit, 0 errors, 1 left on base; Arkansas 2 - Tulsa 1
TOP OF THE 2ND
Arkansas Travelers batting - Pitching for Tulsa Drillers : RHP Bobby Judd
Batting: RHB Dan Bouldin 0-0: Called Strike
0-1: Ball
1-1: Ball
2-1: Ground out 4-3 (Groundball, 4, EV 102.5 MPH)
Batting: RHB Cody Murray 0-0: Foul Ball, location: 2LF
0-1: SINGLE (Flyball, 89S, EV 99.4 MPH)
Batting: LHB Matt Johansen 0-0: Ball
1-0: Ball
2-0: Called Strike
2-1: Ball
3-1: SINGLE (Groundball, 34D, EV 104.4 MPH)
Cody Murray to second
Runner from 2nd tries for 3rd, SAFE, no throw by RF
Batting: RHB Jason Southerland 0-0: Swinging Strike
0-1: Foul Ball, location: 7LDF
0-2: Strikes out looking
Batting: LHB Bobby Errington 0-0: Ball
1-0: Ball
2-0: Foul Ball, location: 2F
2-1: SINGLE (Groundball, 6D, EV 94.4 MPH)
Cody Murray scores
Matt Johansen to second
Batting: RHB John Phillips 0-0: Swinging Strike
0-1: Foul Ball, location: 2F
0-2: Strikes out swinging
Top of the 2nd over - 1 run, 3 hits, 0 errors, 2 left on base; Arkansas 3 - Tulsa 1
BOTTOM OF THE 2ND
Tulsa Drillers batting - Pitching for Arkansas Travelers : RHP Nate Steele
Batting: RHB Ryan Gaines 0-0: Ball
1-0: Ball
2-0: Ball
3-0: Base on Balls
Batting: LHB Aaron Himebauch 0-0: Called Strike
0-1: Foul Ball, location: 23F
0-2: Ball
1-2: Ball
2-2: Foul Ball, location: 23F
2-2: Ball
3-2: Base on Balls
Ryan Gaines to second
Batting: RHB Jordan Saray 0-0: Ball
1-0: Ball
2-0: Called Strike
2-1: Called Strike
2-2: Ball
3-2: Fielders Choice at 2nd, 6-4 (Groundball, 6, EV 104.4 MPH)
Ryan Gaines to third
Batting: RHB Joe Jarosz 0-0: Ball
1-0: Fly out, F7 (Flyball, 7, EV 86.9 MPH)
Runner from 3rd tags up, SCORES, throw by LF
Batting: LHB Tim Moore 0-0: Called Strike
0-1: Ball
1-1: TRIPLE (Line Drive, 8LXD, EV 107.5 MPH)
Jordan Saray scores
Batting: LHB Russ Henson 0-0: Called Strike
0-1: Ball
1-1: Ball
2-1: Foul Ball, location: 25F
2-2: Strikes out looking
Bottom of the 2nd over - 2 runs, 1 hit, 0 errors, 1 left on base; Arkansas 3 - Tulsa 3
TOP OF THE 3RD
Arkansas Travelers batting - Pitching for Tulsa Drillers : RHP Bobby Judd
Batting: RHB Jonathan Baynham 0-0: Ball
1-0: Called Strike
1-1: Fly out, F9 (Flyball, 9LD, EV 111.3 MPH)
Batting: RHB Vince McKnight 0-0: Ground out 6-3 (Groundball, 6, EV 78.8 MPH)
Batting: RHB Nicolas Montecino 0-0: Called Strike
0-1: Ball
1-1: Called Strike
1-2: Ground out 5-3 (Groundball, 5L, EV 80.0 MPH)
Top of the 3rd over - 0 runs, 0 hits, 0 errors, 0 left on base; Arkansas 3 - Tulsa 3
BOTTOM OF THE 3RD
Tulsa Drillers batting - Pitching for Arkansas Travelers : RHP Nate Steele
Batting: RHB Matt Pettit 0-0: Called Strike
0-1: SINGLE (Groundball, 6MD, EV 102.5 MPH)
Batting: LHB Greg Schlitt 0-0: Called Strike
0-1: Ball
1-1: Fly out, F7 (Flyball, 7, EV 85.6 MPH)
Batting: LHB Mike Saunders 0-0: Ball
1-0: Called Strike
1-1: Called Strike
1-2: Strikes out swinging
Batting: RHB Ryan Gaines 0-0: Ball
Matt Pettit steals 2nd base
1-0: Ball
2-0: SINGLE (Line Drive, 9S, EV 103.8 MPH)
Matt Pettit to third
Runner from 3rd tries for Home, SAFE, throw by RF to home
Batting: LHB Aaron Himebauch 0-0: Ball
1-0: Ball
2-0: Called Strike
2-1: Ball
3-1: Foul Ball, location: 5DF
3-2: Strikes out swinging
Bottom of the 3rd over - 1 run, 2 hits, 0 errors, 1 left on base; Arkansas 3 - Tulsa 4
TOP OF THE 4TH
Arkansas Travelers batting - Pitching for Tulsa Drillers : RHP Bobby Judd
Batting: RHB Dan Bouldin 0-0: Ball
1-0: Called Strike
1-1: Ground out 5-3 (Groundball, 5, EV 106.9 MPH)
Batting: RHB Cody Murray 0-0: Ball
1-0: Swinging Strike
1-1: SINGLE (Line Drive, 8LS, EV 105.6 MPH)
Batting: LHB Matt Johansen 0-0: Called Strike
0-1: Ball
1-1: Called Strike
1-2: Ball
2-2: Foul Ball, location: 2F
2-2: Strikes out swinging
Batting: RHB Jason Southerland 0-0: Ball
1-0: SINGLE (Groundball, 6MD, EV 100.6 MPH)
Cody Murray to second
Runner from 2nd tries for 3rd, SAFE, no throw by CF
Batting: LHB Bobby Errington 0-0: Foul Ball, location: 7LMF
0-1: Fielders Choice at 2nd, 6-4 (Groundball, 6, EV 105.6 MPH)
Top of the 4th over - 0 runs, 2 hits, 0 errors, 2 left on base; Arkansas 3 - Tulsa 4
BOTTOM OF THE 4TH
Tulsa Drillers batting - Pitching for Arkansas Travelers : RHP Nate Steele
Batting: RHB Jordan Saray 0-0: Foul Ball, location: 5F
0-1: Called Strike
0-2: Ball
1-2: Hit by Pitch
Batting: RHB Joe Jarosz 0-0: Called Strike
0-1: Sac Bunt to 5S - play at first, batter OUT! 5-3
Jordan Saray to second
Batting: LHB Tim Moore 0-0: Swinging Strike
0-1: Foul Ball, location: 2F
0-2: SINGLE (Line Drive, 5D, EV 101.9 MPH)
Jordan Saray to third
Runner from 3rd tries for Home, SAFE, throw by LF to home
Pitching: RHP Jayden Garner
Batting: LHB Russ Henson 0-0: Ball
1-0: Ball
2-0: Ball
3-0: Swinging Strike
3-1: Swinging Strike
3-2: Strikes out swinging
Tim Moore is caught stealing 2nd base 2-6
Batter strikes out.
Bottom of the 4th over - 1 run, 1 hit, 0 errors, 0 left on base; Arkansas 3 - Tulsa 5
TOP OF THE 5TH
Arkansas Travelers batting - Pitching for Tulsa Drillers : RHP Bobby Judd
Batting: RHB John Phillips 0-0: Foul Ball, location: 7LSF
0-1: Foul Ball, location: 9LDF
0-2: Ball
1-2: SINGLE (Groundball, 56D, EV 104.4 MPH)
Batting: RHB Jonathan Baynham 0-0: Ball
1-0: Called Strike
1-1: Ball
2-1: Foul Ball, location: 3F
2-2: SINGLE (Line Drive, 8RS, EV 101.3 MPH)
John Phillips to second
Batting: RHB Vince McKnight 0-0: Ball
1-0: Ball
2-0: Swinging Strike
2-1: Ball
3-1: Base on Balls
John Phillips to third
Jonathan Baynham to second
Batting: RHB Nicolas Montecino 0-0: Ball
1-0: Called Strike
1-1: Called Strike
1-2: Strikes out looking
Batting: RHB Dan Bouldin 0-0: Foul Ball, location: 9LSF
0-1: Fly out, F9 (Flyball, 9D, EV 83.1 MPH)
Runner from 3rd tags up, SCORES, no throw by RF
Batting: RHB Cody Murray 0-0: Ball
1-0: Swinging Strike
1-1: Called Strike
1-2: Foul Ball, location: 5F
1-2: Strikes out swinging
Top of the 5th over - 1 run, 2 hits, 0 errors, 2 left on base; Arkansas 4 - Tulsa 5
BOTTOM OF THE 5TH
Tulsa Drillers batting - Pitching for Arkansas Travelers : RHP Jayden Garner
Batting: RHB Matt Pettit 0-0: Called Strike
0-1: Foul Ball, location: 2F
0-2: Ball
1-2: Ball
2-2: Ball
3-2: Ground out 4-3 (Groundball, 4, EV 81.9 MPH)
Batting: LHB Greg Schlitt 0-0: DOUBLE (Line Drive, 8LXD, EV 101.9 MPH)
Batting: LHB Mike Saunders 0-0: Called Strike
0-1: Ball
1-1: Swinging Strike
1-2: Foul Ball, location: 25F
1-2: Strikes out swinging
Batting: RHB Ryan Gaines 0-0: Foul Ball, location: 23F
0-1: Foul Ball, location: 5SF
0-2: Fly out, F8 (Flyball, 8RD, EV 80.6 MPH)
Bottom of the 5th over - 0 runs, 1 hit, 0 errors, 1 left on base; Arkansas 4 - Tulsa 5
TOP OF THE 6TH
Arkansas Travelers batting - Pitching for Tulsa Drillers : RHP Bobby Judd
Batting: LHB Matt Johansen 0-0: Ball
1-0: Ball
2-0: Ball
3-0: Called Strike
3-1: Base on Balls
Batting: RHB Jason Southerland 0-0: Ball
1-0: Called Strike
1-1: Called Strike
1-2: Foul Ball, location: 3SF
1-2: Ball
2-2: SINGLE (Groundball, 56D, EV 99.4 MPH)
Matt Johansen to second
Batting: LHB Bobby Errington 0-0: Ball
1-0: Fly out, F7 (Flyball, 7D, EV 110.6 MPH)
Runner from 2nd tags up, SAFE at 3rd, no throw by LF
Pinch Hitting: SHB Jonathan Paszek 0-0: Called Strike
0-1: Ball
1-1: Ball
2-1: Ball
3-1: SINGLE (Groundball, 6MD, EV 93.8 MPH)
Matt Johansen scores
Jason Southerland to second
Pitching: LHP Amando Ortigueira
Batting: RHB Jonathan Baynham 0-0: Swinging Strike
0-1: Ball
1-1: Swinging Strike
1-2: Strikes out swinging
Batting: RHB Vince McKnight 0-0: Ball
1-0: Foul Ball, location: 5SF
1-1: Swinging Strike
1-2: Fly out, F7 (Line Drive, 7LS, EV 93.1 MPH)
Top of the 6th over - 1 run, 2 hits, 0 errors, 2 left on base; Arkansas 5 - Tulsa 5
BOTTOM OF THE 6TH
Tulsa Drillers batting - Pitching for Arkansas Travelers : RHP Jayden Garner
Now at 1B: Sean Donahue
Batting: LHB Aaron Himebauch 0-0: Called Strike
0-1: Called Strike
0-2: Ball
1-2: Ground out 5-3 (Groundball, 6, EV 81.3 MPH)
Pinch Hitting: LHB Blake Marez 0-0: Fly out, F4 (Line Drive, 4MD, EV 75.0 MPH)
Batting: RHB Joe Jarosz 0-0: Ground out 6-3 (Groundball, 6, EV 78.1 MPH)
Bottom of the 6th over - 0 runs, 0 hits, 0 errors, 0 left on base; Arkansas 5 - Tulsa 5
TOP OF THE 7TH
Arkansas Travelers batting - Pitching for Tulsa Drillers : LHP Amando Ortigueira
Now at 2B: Mike Buckner
Now at SS: Joe Jarosz
Batting: RHB Nicolas Montecino 0-0: Fly out, F3 (Popup, 34S, EV 73.1 MPH)
Batting: RHB Dan Bouldin 0-0: Ground out U3 (Groundball, 3S, EV 86.3 MPH)
Batting: RHB Cody Murray 0-0: Ball
1-0: Foul Ball, location: 23F
1-1: SINGLE (Line Drive, 56D, EV 108.1 MPH)
Batting: LHB Matt Johansen 0-0: Ball
1-0: Called Strike
1-1: Ground out 4-3 (Groundball, 34D, EV 101.9 MPH)
Top of the 7th over - 0 runs, 1 hit, 0 errors, 1 left on base; Arkansas 5 - Tulsa 5
BOTTOM OF THE 7TH
Tulsa Drillers batting - Pitching for Arkansas Travelers : RHP Jayden Garner
Batting: LHB Tim Moore 0-0: Ball
1-0: Called Strike
1-1: Foul Ball, location: 3F
1-2: Foul Ball, location: 2F
1-2: Strikes out swinging
Batting: LHB Russ Henson 0-0: Ball
1-0: Foul Ball, location: 5SF
1-1: Foul Ball, location: 25FF
1-2: SOLO HOME RUN (Flyball, 9LD, EV 94.4 MPH), Distance : 355 ft
Batting: RHB Matt Pettit 0-0: Ball
1-0: Called Strike
1-1: Foul Ball, location: 2F
1-2: Strikes out swinging
Batting: LHB Greg Schlitt 0-0: Ball
1-0: Ball
2-0: Called Strike
2-1: Foul Ball, location: 23FF
2-2: Foul Ball, location: 7LMF
2-2: Ground out 6-3 (Groundball, 6, EV 76.9 MPH)
Bottom of the 7th over - 1 run, 1 hit, 0 errors, 0 left on base; Arkansas 5 - Tulsa 6
TOP OF THE 8TH
Arkansas Travelers batting - Pitching for Tulsa Drillers : LHP Amando Ortigueira
Now in LF: Adrian DeVita
Batting: RHB Jason Southerland 0-0: Called Strike
0-1: Swinging Strike
0-2: Ball
1-2: Foul Ball, location: 2F
1-2: Ball
2-2: Foul Ball, location: 2F
2-2: Strikes out swinging
Batting: LHB Bobby Errington 0-0: Called Strike
0-1: Called Strike
0-2: Strikes out swinging
Batting: RHB Sean Donahue 0-0: Foul Ball, location: 2F
0-1: Ball
1-1: Fly out, F7 (Flyball, 78S, EV 93.8 MPH)
Top of the 8th over - 0 runs, 0 hits, 0 errors, 0 left on base; Arkansas 5 - Tulsa 6
BOTTOM OF THE 8TH
Tulsa Drillers batting - Pitching for Arkansas Travelers : RHP Jayden Garner
Pitching: RHP Joe Ryan
Batting: LHB Mike Saunders 0-0: Ball
1-0: Foul Ball, location: 7LDF
1-1: Called Strike
1-2: Ball
2-2: Foul Ball, location: 9LMF
2-2: Ball
3-2: Foul Ball, location: 2F
3-2: Base on Balls
Batting: RHB Ryan Gaines 0-0: Called Strike
0-1: Ball
1-1: Grounds into double play, 5-4-3 (Groundball, 56S, EV 86.3 MPH)
Batting: LHB Aaron Himebauch 0-0: Ground out 3-1 (Groundball, 3D, EV 106.9 MPH)
Bottom of the 8th over - 0 runs, 0 hits, 0 errors, 0 left on base; Arkansas 5 - Tulsa 6
TOP OF THE 9TH
Arkansas Travelers batting - Pitching for Tulsa Drillers : LHP Amando Ortigueira
Pitching: LHP Chris Coverdale
Now at 1B: Tyler Rivas
Batting: RHB Jonathan Baynham 0-0: Swinging Strike
0-1: Ball
1-1: Ball
2-1: Ball
3-1: Called Strike
3-2: Foul Ball, location: 9LSF
3-2: Foul Ball, location: 7LSF
3-2: Ground out 5-3 (Groundball, 5, EV 83.1 MPH)
Batting: RHB Vince McKnight 0-0: SINGLE (Line Drive, 8LS, EV 93.8 MPH)
Batting: RHB Nicolas Montecino 0-0: Fly out, F8 (Flyball, 8LS, EV 97.5 MPH)
Batting: RHB Dan Bouldin 0-0: Ball
1-0: Ball
2-0: Called Strike
2-1: Ball
3-1: Called Strike
3-2: Base on Balls
Vince McKnight to second
Batting: RHB Cody Murray 0-0: Called Strike
0-1: Ball
1-1: Called Strike
1-2: Ball
2-2: Strikes out swinging
Top of the 9th over - 0 runs, 1 hit, 0 errors, 2 left on base; Arkansas 5 - Tulsa 6
Thursday, May 9th , 2024 - OOTP Baseball 24.11 Build 85